 Dungeon Crawl Stone Soup version 0.27.1-3-gb3d3a73c9e (webtiles) character file.

Game seed: 11094929114671063020

6 MajorAdolf the Cudgeller (level 1, -1/18 HPs)
             Began as a Naga Wanderer on Oct 22, 2021.
             Slain by a jackal (3 damage)
             ... on level 1 of the Dungeon.
             The game lasted 00:00:17 (275 turns).

MajorAdolf the Cudgeller (Naga Wanderer)             Turns: 275, Time: 00:00:18

Health: -1/18      AC:  1    Str: 13    XL:     1   Next: 90%
Magic:  2/2        EV:  9    Int: 10    God:
Gold:   40         SH:  0    Dex: 13    Spells: 2/2 levels left

rFire    . . .     SeeInvis +   a - +2 mace
rCold    . . .     Faith    .   (no shield)
rNeg     . . .     Spirit   .   d - +0 robe
rPois    +         Reflect  .   (no helmet)
rElec    .         Harm     .   (no cloak)
rCorr    .         Rampage  .   (no gloves)
Will     .....                  (no barding)
Stlth    ++........             (no amulet)
HPRegen  0.06/turn              (no ring)
MPRegen  0.08/turn              (no ring)

@: very slow
A: AC +0, large, see invisible, deformed body, poison resistance, slowness 2,
spit poison 1, naga tail 1
a: Spit Poison


You were on level 1 of the Dungeon.
You visited 1 branch of the dungeon, and saw 1 of its levels.

You collected 40 gold pieces.

Inventory:

Hand Weapons
 a - a +2 mace (weapon)
Armour
 d - a +0 robe (worn)
Jewellery
 f - an amulet of magic regeneration
Scrolls
 c - a scroll of teleportation
Potions
 b - a potion of lignification
 e - a potion of curing {unknown}


   Skills:
 + Level 1.0 Fighting
 + Level 3.2 Maces & Flails
 + Level 1.1 Armour
 + Level 2.0 Stealth
 + Level 1.0 Spellcasting
 + Level 1.0 Transmutations
 + Level 1.0 Air Magic
 + Level 1.0 Evocations


You had 2 spell levels left.
You didn't know any spells.
Your spell library was empty.

Dungeon Overview and Level Annotations

Branches:
Dungeon (1/15)

Altars:


Innate Abilities, Weirdness & Mutations

Your serpentine skin is tough. (AC +0)
You have supernaturally acute eyesight. (SInv)
Armour fits poorly on your strangely shaped body.
Your system is resistant to poisons. (rPois)
You cover ground very slowly.
You can spit poison.
You have a snake-like lower body.


Message History

You can't do that yet.
You can't do that yet.
Unknown command.
You have got your breath back.
The jackal bites you.
Okay, then.
Unknown command.
The jackal bites you. The jackal completely misses you.
The jackal closely misses you.
Press: ? - help, Shift-Dir - straight line, f - jackal
Aim: a jackal The splash of poison hits the jackal.
The jackal is poisoned.
The jackal is moderately wounded.
The jackal barks!
Unknown command.
You barely miss the jackal. The jackal closely misses you.
The jackal barely misses you. The jackal bites you.
You miss the jackal.
The jackal is heavily wounded.
You kill the jackal!
The jackal bites you.
You sock the jackal!
You kill the jackal!
The jackal bites you.
Unknown command.
You hit the jackal.
The jackal is almost dead.
The jackal bites you.
You have got your breath back.
The jackal barely misses you. The jackal closely misses you.
The jackal bites you.
* * * LOW HITPOINT WARNING * * *
The jackal bites you.
* * * LOW HITPOINT WARNING * * *
Unknown command.
You hit the jackal.
You kill the jackal!
The jackal bites you.
You die...

##........##.#.[....#..
#..########.#......#(#
##)## #.########.#
#..#######..........#
#........#..#########
#........#..#
#........#..#
###†.#...#..#
##@#...#..#
###.h...#..#
#.......#..#
#....>.....####
#.......#......
#......#.......
#..............
#.....###...... #.....#
.....


You could see a jackal.

Vanquished Creatures
  An endoplasm (D:1)
  A goblin (D:1)
  3 jackals (D:1)
  A frilled lizard (D:1)
6 creatures vanquished.

Notes
Turn   | Place    | Note
-------+----------+-------------------------------------------
     0 | D:1      | MajorAdolf the Naga Wanderer began the quest for the Orb.
     0 | D:1      | MajorAdolf set off with the following items: a +2 mace, a
                  | potion of lignification, a scroll of teleportation, a +0
                  | robe
     0 | D:1      | Reached XP level 1. HP: 18/18 MP: 2/2
   275 | D:1      | Slain by a jackal

Illustrated notes

Levels and vault maps discovered:
D:1:      dpeg_arrival_tiny_d, layout_basic,
          shapermc_ecumenical_altar_hornbeckon

Skill      XL: |  1 |
---------------+----+-----
Stealth        | 2 |  2.0
Fighting       | |  1.0
Maces & Flails | |  3.2
Armour         | |  1.1
Spellcasting   | |  1.0
Transmutations | |  1.0
Air Magic      | |  1.0
Evocations     | |  1.0

Action                   || total
-------------------------++-------
Melee: Mace              ||     8
 Abil: Spit Poison       ||     3
 Stab: Distracted        ||     1
Dodge: Dodged            ||     7
